 Dungeon Crawl Stone Soup version 0.29.1-1-gd02db69 (webtiles) character file.

Game seed: 3178914000512758094

362 RonnieColeman the Conjurer (level 6, -3/36 HPs)
             Began as an Octopode Conjurer on Oct 13, 2022.
             Killed by nerve-wracking pain
             ... invoked by Grinder
              (14 damage)
             ... on level 4 of the Dungeon.
             The game lasted 00:07:45 (3430 turns).

RonnieColeman the Conjurer (Octopode Conjurer)      Turns: 3430, Time: 00:07:46

Health: -3/36      AC:  1    Str: 11    XL:     6   Next: 66%
Magic:  9/13       EV: 13    Int: 22    God:
Gold:   218        SH:  0    Dex:  9    Spells: 12/15 levels left

rFire   . . .      SeeInvis .   p - +10 spear "Usoetuk" {flame, Fly rElec Str+5 Dex-2}
rCold   . . .      Faith    .   (no shield)
rNeg    . . .      Spirit   .   (helmet restricted)
rPois   .          Reflect  .   (no amulet)
rElec   +          Harm     .   (no ring)
rCorr   .          Rampage  .   (no ring)
Will    .....                   (no ring)
Stlth   +++.......              (no ring)
HPRegen 0.12/turn               (no ring)
MPRegen 0.13/turn               (no ring)
                                (no ring)
                                (no ring)

@: flying
A: almost no armour, amphibious, 8 rings, camouflage 1, gelatinous body 1,
(nimble swimmer 1), tentacles
a: no special abilities


You were on level 4 of the Dungeon.
You visited 1 branch of the dungeon, and saw 4 of its levels.
You also visited: Sewer.

You collected 218 gold pieces.

Inventory:

Hand Weapons
 c - a +0 short sword
 g - a +2 flail of protection
 p - the +10 spear "Usoetuk" (weapon) {flame, Fly rElec Str+5 Dex-2}
   (You found it on level 3 of the Dungeon)

   It burns those it strikes, dealing additional fire damage.
   Str:       It affects your strength (+5).
   Dex:       It affects your dexterity (-2).
   rElec:     It insulates you from electricity.
   Fly:       It grants you flight.
Armour
 m - a +0 cloak
Wands
 o - a wand of paralysis (5)
 q - a wand of light (6)
Scrolls
 b - 2 scrolls of identify
 i - a scroll of teleportation
Potions
 a - 2 potions of magic
 d - a potion of curing
 e - a potion of resistance
 f - 3 potions of attraction
 h - 2 potions of cancellation {unknown}
 l - a potion of might
 n - a potion of haste


   Skills:
 - Level 2.0 Dodging
 - Level 2.6 Stealth
 * Level 5.3 Spellcasting
 + Level 5.4 Conjurations


You had 12 spell levels left.
You knew the following spells:

 Your Spells              Type           Power      Damage    Failure   Level
a - Magic Dart            Conj           100%       1d8       1%          1
b - Searing Ray           Conj           60%        2d6       1%          2

Your spell library contained the following spells:

 Spells                   Type           Power      Damage    Failure   Level
 Apportation              Tloc           10%        N/A       10%         1
 Conjure Flame            Conj/Fire      17%        6-21      10%         3
 Dazzling Flash           Conj/Hex       34%        N/A       10%         3
 Ignite Poison            Fire/Tmut/Pois 5%         N/A       30%         3
 Fulminant Prism          Conj/Hex       8%         3d7       32%         4
 Iskenderun's Mystic Bla  Conj/Tloc      17%        2d5       32%         4
 Sticky Flame             Conj/Fire      17%        2d4       32%         4
 Alistair's Intoxication  Tmut/Pois      3%         N/A       95%         5


Dungeon Overview and Level Annotations

Branches:
Dungeon (4/15)              Sewer (visited)
 Temple: D:4-7

Altars:
Makhleb

Shops:
D:3 (

Annotations:
D:4 Grinder


Innate Abilities, Weirdness & Mutations

You cannot wear most types of armour.
You are amphibious.
You can wear up to eight rings at the same time.
Your skin changes colour to match your surroundings (Stealth+).
Your rubbery body absorbs attacks. (AC +1, EV +1)
((You are camouflaged when in or above water. (Stealth+)))
You have tentacles for arms and can constrict up to eight enemies at once.


Message History

The dart slug launches a dart at you. The slug dart misses you.
Casting: Magic Dart (safe; 1% risk of failure)
Confirm with . or Enter, or press ? or * to list all spells.
Aiming: Magic Dart (safe; 1% risk of failure)
Press: ? - help, Shift-Dir - straight line, f/p - dart slug
Aim: a dart slug (almost dead, 100% to hit)
The magic dart hits the dart slug.
You kill the dart slug!
Casting: Magic Dart (safe; 1% risk of failure)
Confirm with . or Enter, or press ? or * to list all spells.
You can't see any susceptible monsters within range! (Use Z to cast anyway.) Unknown command.
Casting: Magic Dart (safe; 1% risk of failure)
Confirm with . or Enter, or press ? or * to list all spells.
You can't see any susceptible monsters within range! (Use Z to cast anyway.) Unknown command.
Grinder comes into view.
Grinder shouts!
Casting: Magic Dart (safe; 1% risk of failure)
Confirm with . or Enter, or press ? or * to list all spells.
Aiming: Searing Ray (safe; 1% risk of failure)
Press: ? - help, Shift-Dir - straight line, f - Grinder
Aim: Grinder (77% to hit)
The searing ray hits Grinder.
Grinder is lightly wounded. (Press . to maintain the ray.) Grinder drinks a potion.
Grinder flickers and vanishes!
Deactivating autopickup; reactivate with Ctrl-A.
The searing ray hits something!
Pain shoots through your body!
The searing ray hits something.
You finish channelling your searing ray.
Pain shoots through your body!
You barely miss something.
You suddenly lose the ability to move!
Pain shoots through your body!
* * * LOW HITPOINT WARNING * * *
You can move again.
You closely miss something. You squeeze something.
Pain shoots through your body!
You die...

#..# #..# . #..### ..
###....#### ...
###.........### ....
###..............
.....###..............#.
#..{.................
####@................
#.................
#..................
#..................
#..................
#..................
##................#
#........


There were no monsters in sight!

Vanquished Creatures
  Edmund (D:4)
  A water moccasin (Sewer)
  A hound (D:4)
  3 adders
  4 dart slugs
  An orc (D:4)
  7 endoplasms
  4 giant cockroaches
  5 goblins
  5 hobgoblins (D:1)
  3 jackals (D:4)
  3 kobolds (D:1)
  6 quokkas
  7 ball pythons
  13 bats
  A frilled lizard (D:1)
  A rat (D:1)
66 creatures vanquished.

Notes
Turn   | Place    | Note
-------+----------+-------------------------------------------
     0 | D:1      | RonnieColeman the Octopode Conjurer began the quest for the
                  | Orb.
     0 | D:1      | Reached XP level 1. HP: 11/11 MP: 3/3
   202 | D:1      | Reached XP level 2. HP: 17/17 MP: 0/5
   970 | D:2      | Reached XP level 3. HP: 21/21 MP: 1/7
  1539 | D:2      | Reached XP level 4. HP: 21/27 MP: 2/9
  1812 | D:3      | Found Pudevid's Weapon Shop.
  1816 | D:3      | Learned a level 2 spell: Searing Ray
  1964 | D:3      | Found a glowing drain.
  1984 | Sewer    | Entered a sewer
  2111 | Sewer    | Noticed a water moccasin
  2117 | Sewer    | Killed a water moccasin
  2118 | Sewer    | Reached skill level 5 in Conjurations
  2118 | Sewer    | Reached XP level 5. HP: 31/31 MP: 2/11
  2651 | D:3      | Identified the +10 spear "Usoetuk" {flame, Fly rElec Str+5
                  | Dex-2}
  2750 | D:4      | Noticed Edmund
  2762 | D:4      | Killed Edmund
  2763 | D:4      | Reached skill level 5 in Spellcasting
  2763 | D:4      | Reached XP level 6. HP: 4/36 MP: 4/13
  2768 | D:4      | HP: 1/36 [goblin/+0 club (4)]
  3074 | D:4      | Found a burning altar of Makhleb.
  3422 | D:4      | Noticed Grinder
  3428 | D:4      | Paralysed by something for 2 turns
  3430 | D:4      | Killed from afar by Grinder

Illustrated notes

Levels and vault maps discovered:
D:1:      saegor_arrival_under_anarchy, layout_basic
D:2:      layout_rooms, dk_noncrumbling_4
D:3:      minmay_wonky_spiral, layout_rooms, serial_shops, shop_fountains,
          portal_sewer_entry_f
D:4:      layout_cave_pods, makhleb_heckhound_becter, uniq_grinder, uniq_edmund

Skill      XL: |  1  2  3  4  5 |
---------------+----------------+-----
Spellcasting   | 3 4 5 |  5.3
Conjurations   | 5 |  5.4
Dodging        | |  2.0
Stealth        | |  2.6

Action                   |  1- 3 |  4- 6 || total
-------------------------+-------+-------++-------
Melee: Unarmed           |    10 |       ||    10
       Constrict         |     5 |     9 ||    14
       Short sword       |    19 |    27 ||    46
       Tentacles         |     5 |     8 ||    13
       Spear             |       |    17 ||    17
 Cast: Magic Dart        |    51 |    37 ||    88
       Searing Ray       |       |     4 ||     4
  Use: Scroll            |       |     9 ||     9
       Potion            |       |     1 ||     1
 Stab: Sleeping          |     7 |     2 ||     9
Armor: Skin              |     7 |    16 ||    23
Dodge: Dodged            |    34 |    46 ||    80
